[Event "ECo-C Extraliga 2023-24"]
[Site "Slovakia"]
[Date "2024.02.25"]
[Round "8.4"]
[White "Mikrut, Dariusz"]
[Black "Lecky, Juraj"]
[Result "1-0"]
[ECO "D30"]
[WhiteElo "2317"]
[BlackElo "2121"]
[Annotator "TA"]
[PlyCount "96"]
[EventDate "2023.10.06"]
[EventType "team-tourn"]
[EventCountry "SVK"]
[SourceTitle "playchess.com"]
[Source "ChessBase"]
[SourceQuality "1"]
[TimeControl "40/5400+30:1800+30"]

1. d4 Nf6 2. c4 e6 3. Nf3 d5 4. Bg5 dxc4 5. Nc3 a6 6. e4 b5 7. e5 h6 8. Bh4 g5 9. Nxg5 hxg5 10. Bxg5 Nbd7 11. Qf3 Rb8 12. exf6 Bb7 13. Qe2 Nb6 (13... Bh6 $15 14. f4 Nxf6) 14. O-O-O $2 (14. Rd1 $11 {and White is okay.}) 14... Nd5 (14... b4 $1 $19 15. Nb1 Qd5) 15. Ne4 $15 Nb4 16. Nc5 (16. Kb1 $15) 16... Qd5 17. Qd2 $2 (17. h4 $17 Qf5 (17... Nxa2+ 18. Kb1 $11) (17... Bxc5 18. dxc5 Nd3+ 19. Rxd3 $15) 18. Rh3) 17... Nxa2+ $19 18. Kb1 c3 19. bxc3 Bxc5 20. Qxa2 Qxg5 21. dxc5 Qxc5 (21... Bxg2 22. Bxg2 Qxg2 23. Qd2 Qg6+ (23... Rxh2 24. Qd7+ Kf8 25. Qd8+ Rxd8 26. Rxd8#) 24. Kb2 Qxf6 25. Qd7+ Kf8 26. Qxc7 $11) 22. Qd2 Bd5 23. Kb2 a5 24. h4 a4 25. Qd4 Qxd4 (25... a3+ $2 26. Ka1 Qxd4 27. Rxd4) ({Better is} 25... Qd6 {And now ...c5 would win.} 26. Qe3 Rh5) 26. Rxd4 $17 c5 27. Rd2 (27. Rg4 $17) 27... b4 $19 28. c4 Bc6 29. Rd6 a3+ 30. Kb3 {[%emt 0:00:04] [#]} (30. Ka2 {keeps fighting.} Ba4 31. Rd2) 30... Ba4+ $2 (30... Rb6 $1 $19 31. Rd3 (31. Rd2 O-O) 31... e5) 31. Kxa4 $11 a2 32. Bd3 Ra8+ 33. Kb5 $2 (33. Kb3 $1 $11 {and White stays safe.} a1=Q (33... a1=B 34. Rxa1 Rxa1 35. Be4 $11) 34. Rxa1 Rxa1 35. Be4) 33... b3 $19 (33... a1=B 34. Be4 (34. Kxc5 Bxf6 35. Be4 Rb8 $17) 34... Rb8+ 35. Rb6 (35. Kxc5 Bxf6 36. Ra6 O-O $19) 35... Rxb6+ 36. Kxb6 $15) (33... a1=Q 34. Rxa1 Rxa1 35. Be4 $11) 34. Be4 $2 (34. Ra1 b2 (34... Rxh4 35. Be4 $11) 35. Rxa2 Rxa2 36. Kxc5) 34... Rb8+ $2 (34... a1=R $2 35. Rxa1 (35. Bc6+ Kf8 $18) 35... Rb8+ 36. Rb6 $18 (36. Kxc5 Rh6 $18)) (34... b2 {aiming for ...Rb8+.} 35. Kb6 O-O (35... a1=R 36. Bc6+ Kf8 37. Bxa8 $14) (35... b1=R+ 36. Rxb1 axb1=R+ 37. Bxb1 $17) (35... b1=N 36. Bc6+ Kf8 37. Bxa8 Kg8 38. Be4 a1=Q 39. Rd8#) (35... Rb8+ $2 36. Kc7 $19)) 35. Kxc5 $2 {[%emt 0:00:30] [#]} (35. Kc6 b2 36. Rdd1) 35... b2 $2 (35... Rh5+ $1 $19 36. Kc6 b2) 36. Ra6 $1 $11 a1=Q 37. Bc6+ Kd8 $2 (37... Kf8 $1 $11 38. Rhxa1 (38. Raxa1 bxa1=N 39. Rxa1 Rh6 $11) 38... bxa1=N 39. Rxa1 Rh6) 38. Rhxa1 bxa1=Q 39. Rxa1 Rh5+ $2 (39... Rh6 40. Rd1+ Kc8) 40. Kd6 $18 Rxh4 41. Ra7 Rd4+ (41... Rxc4 $142 42. Rxf7 Rd4+ 43. Ke5 (43. Kxe6 Rb6 $18) 43... Rbb4) 42. Kc5 $18 Rf4 43. Rxf7 Rb2 44. g3 Rfxf2 45. Kd6 $2 (45. g4 $18 {and White stays clearly on top.} Rf1 46. Bb5 (46. Kd6 Rd2+ 47. Bd5 Ke8 $18)) 45... Rfd2+ $16 46. Kc5 $2 ({Worse is} 46. Kxe6 Rb6 47. Rf8+ Kc7 48. Rf7+ Kxc6 $17) (46. Ke5 $16 Rb1 47. Rf8+ (47. Kxe6 Rb6 $17) 47... Kc7 48. Be4) 46... Rf2 $1 $18 47. g4 Rbd2 48. Kb6 (48. g5 $142 Rf5+ 49. Kb6 Rb2+ 50. Bb5 Rfxb5+ 51. cxb5 Rg2 52. Rf8+ Kd7 53. Rb8) 48... Kc8 1-0

[Event "ECo-C Extraliga 2023-24"]
[Site "Slovakia"]
[Date "2024.02.25"]
[Round "8.4"]
[White "Krak, Tomas"]
[Black "Hujbert, Florian"]
[Result "0-1"]
[ECO "D02"]
[WhiteElo "2264"]
[BlackElo "2406"]
[Annotator "TA"]
[PlyCount "66"]
[EventDate "2023.10.06"]
[EventType "team-tourn"]
[EventCountry "SVK"]
[SourceTitle "playchess.com"]
[Source "ChessBase"]
[SourceQuality "1"]
[TimeControl "40/5400+30:1800+30"]

1. Nf3 d5 2. d4 Nf6 3. c4 e6 4. e3 a6 5. Nc3 dxc4 6. Bxc4 b5 7. Bb3 Bb7 8. O-O Nbd7 9. Qe2 Be7 10. Rd1 O-O 11. Bc2 c5 12. e4 cxd4 13. Nxd4 Qb8 14. Bg5 {[%emt 0:03:51] Black has an edge.} Bd6 15. Nf3 Bf4 16. Bh4 Qc7 17. Bg3 Rfd8 18. a3 Bxg3 19. hxg3 g6 20. Rd2 Nb6 21. Rxd8+ Rxd8 22. Bb3 Qc5 23. Re1 b4 24. axb4 Qxb4 25. Ba2 Na4 26. Nxa4 Qxa4 27. e5 {[%emt 0:04:07] [#] Strongly threatening b3.} Ng4 28. Qc4 Qxc4 29. Bxc4 Rc8 30. b3 Rc5 31. Rd1 a5 (31... h6 $17 32. Be2 Rc3 (32... Nxe5 33. b4 $15)) 32. Rd8+ ({White should try} 32. Ng5 $1 $15) 32... Kg7 $17 33. Ng5 (33. Rd1 $17) 33... Rxe5 {[%emt 0:02:26] Weighted Error Value: White=0.16 (very precise) /Black=0.07 (flawless) .  Mistake:       	White=2     	Black=2      Inaccurate:     	White=3     	---        OK:         	White=5     	Black=9      Best:        	---       	Black=1} (33... Nxe5 $19 34. f4 Nxc4 35. bxc4 Rc7 (35... Rxc4 36. Rd7 $11)) 0-1

[Event "ECo-C Extraliga 2023-24"]
[Site "Slovakia"]
[Date "2024.02.25"]
[Round "8.5"]
[White "Varga, Zoltan"]
[Black "Karas, Marek"]
[Result "1/2-1/2"]
[ECO "A13"]
[WhiteElo "2366"]
[BlackElo "2244"]
[Annotator "TA"]
[PlyCount "201"]
[EventDate "2023.10.06"]
[EventType "team-tourn"]
[EventCountry "SVK"]
[SourceTitle "playchess.com"]
[Source "ChessBase"]
[SourceQuality "1"]
[TimeControl "40/5400+30:1800+30"]

1. Nf3 d5 2. c4 e6 3. g3 Nf6 4. Bg2 Be7 5. d4 O-O 6. Nbd2 c5 7. cxd5 exd5 8. dxc5 Bxc5 9. O-O Nc6 10. Nb3 Bb6 11. Bf4 {[%emt 0:01:53] D30: Damengambit (ohne Sc3).} Re8 12. Nbd4 Nxd4 13. Nxd4 Bg4 14. h3 Bxd4 $146 ({Predecessor:} 14... Bd7 15. Bg5 Rb8 16. e3 h6 17. Bxf6 Qxf6 18. Qd2 Bxd4 {½-½ Taimanov,M-Spassky,B URS-ch28 Final & Zonal 1961 (11)}) 15. Qxd4 Bxe2 16. Rfe1 Qb6 17. Be5 Qxd4 18. Bxd4 b6 19. Rac1 Bd3 20. Red1 Be4 21. f3 Bf5 22. g4 Be6 23. f4 Rac8 24. f5 Bd7 25. Bxf6 gxf6 26. Bxd5 Rxc1 27. Rxc1 Rc8 28. Rxc8+ Bxc8 29. Kf2 h5 30. Kg3 hxg4 31. Kxg4 Kg7 32. h4 Bd7 33. Kf4 Be8 34. b4 Ba4 35. a3 Bd1 36. Bc4 Kf8 37. Ke4 Ke7 38. Bd5 Bc2+ 39. Kf4 Kf8 40. Bc6 Bd1 41. Be4 Kg7 42. Bd3 Kf8 43. Ke4 Ke7 (43... Bb3 $1 $14) 44. Kd5 $18 Kd7 45. Bb5+ Kc7 46. a4 ({Günstiger ist} 46. Bc4 $1) 46... Bf3+ $16 47. Kd4 Kd6 48. a5 Ke7 (48... Bg4 $16 {ist wohl besser.}) 49. Bd3 $18 Kd6 50. Bc4 Ke7 51. Ke3 Bd1 $2 (51... Bg4) 52. Ke4 (52. Be2 $142 {Beabsichtigt axb6 und Matt.} Bc2 53. Bg4) 52... Bh5 53. Kd5 Bf3+ 54. Kd4 Bh5 55. Bd5 Bg4 56. Ke4 Bh5 57. Kf4 Bd1 58. Bf3 Bc2 59. Bg4 Ba4 (59... Kd6 $16) 60. Ke4 Bc6+ 61. Ke3 Bd7 (61... Kf8 $142 62. Be2 Ke8) 62. Kd4 $18 Bc6 63. Be2 Bg2 (63... Bb7 {kämpft weiter.} 64. axb6 axb6) 64. Bc4 (64. h5 $18) 64... Bf3 $1 $16 65. Ba2 $1 Bh5 66. Bc4 Bf3 $1 67. axb6 axb6 68. Bd5 Bh5 69. Ke4 Bd1 ({Besser ist} 69... Be2 $1 $14) 70. Bc4 $1 $16 Bh5 71. Kd5 Bf3+ 72. Kd4 Bh5 73. Bd3 Kd6 74. Kc4 Bg4 $2 (74... Kc6 $14) 75. Kb5 $18 Kc7 76. Bc4 Bxf5 77. h5 $1 Bg4 78. h6 (78. Bxf7 $142 Kb7 79. Kc4) 78... Bf5 79. Bxf7 Bd3+ 80. Bc4 Bh7 81. Be2 (81. Bf1 $142 Bg6 82. Kc4) 81... Kb7 82. Bf3+ (82. Kc4 $142 Kc6 83. Kd4) 82... Kc7 $18 83. Ka6 Bd3+ {[%emt 0:01:23] [#]} 84. Ka7 $1 Bh7 85. Be2 Bg6 86. Bh5 Bh7 87. Be2 Bg6 88. Ka6 Kc6 89. Bf3+ (89. Bb5+ $142 Kc7 90. Bc4) 89... Kc7 $18 90. Kb5 $2 (90. Bd5 $18 {jetzt Bg8 und aus.} Bd3+ 91. Ka7) 90... Bd3+ (90... Bh7 $1 $11) 91. Ka4 $16 Bc2+ 92. Ka3 Kd6 {[%emt 0:00:22] [#]} 93. Kb2 (93. Bd1 $1 $16 Bd3 (93... Bxd1 $2 {verliert.} 94. h7 $18) 94. Ka4) 93... Bh7 $11 94. Kc3 Ke5 95. Kc4 Kf4 96. Be2 Kg5 97. Kb5 Kxh6 98. Kxb6 Bg6 99. Kc5 Be8 100. b5 Bxb5 $1 101. Bxb5 1/2-1/2

[Event "ECo-C Extraliga 2023-24"]
[Site "Slovakia"]
[Date "2024.02.25"]
[Round "8.5"]
[White "Farkas, Gabor"]
[Black "Kusiak, Matej"]
[Result "1-0"]
[ECO "C60"]
[WhiteElo "2279"]
[BlackElo "2250"]
[Annotator "TA"]
[PlyCount "69"]
[EventDate "2023.10.06"]
[EventType "team-tourn"]
[EventCountry "SVK"]
[SourceTitle "playchess.com"]
[Source "ChessBase"]
[SourceQuality "1"]
[TimeControl "40/5400+30:1800+30"]

1. e4 e5 2. Nf3 Nc6 3. Bb5 Nge7 4. c3 a6 5. Ba4 g6 6. d4 exd4 7. cxd4 {[%emt 0:00:07] Strongly threatening d5.} b5 8. Bc2 {[%emt 0:00:11] d5 would now be deadly. White is slightly better.} d6 (8... Bg7 $11) 9. d5 $16 Ne5 10. Nxe5 dxe5 11. Nc3 Bg7 12. h4 h5 13. Bg5 Qd6 14. Rc1 Bb7 {[%emt 0:02:46] Black is on the road to losing.} 15. Bb3 O-O {[%emt 0:03:40] [#]} (15... Rb8 $16) 16. g4 $1 $18 hxg4 17. Qxg4 {[%emt 0:02:03] Hoping for h5.} f6 18. Be3 {[%emt 0:03:54][%cal Oc3b5,Bg5e3,Be3c5,Bc5d6,Bd6e7][%mdl 32] Nxb5! is the strong threat.} Kh7 $2 (18... Bc8 19. Qg2 Kh7) 19. h5 g5 {[%emt 0:00:17] [#]} 20. h6 $1 {[%emt 0:00:06][%mdl 512] aiming for Nxb5.} Bh8 {[%emt 0:15:14] [#]} 21. Nxb5 $1 axb5 22. Bc5 Bc8 (22... Qd8 $2 23. Bxe7 (23. Qe6 Qe8 $18) 23... Bc8 24. Bxd8 $18) 23. Bxd6 Bxg4 24. Rxc7 (24. Bxe7 Rfc8 25. Rc3 Bd7 $18) 24... Bf3 25. Rh3 (25. Rxe7+ Kg6 $18) 25... g4 26. Rxf3 (26. Rxe7+ Kg6 27. Rxf3 gxf3 $18) (26. Bxe7 $2 gxh3 27. Bxf8+ Kg6 28. Rg7+ Kh5 $19 (28... Bxg7 $2 29. hxg7 $18)) 26... gxf3 27. Bxe7 Kxh6 28. d6 (28. Bxf8+ Rxf8 29. Rc3 (29. d6 f5 $18) 29... f5 30. Rxf3 b4 $18) 28... f5 29. Bd5 (29. Bxf8+ Rxf8 30. Kd2 fxe4 $18) 29... Rad8 (29... Rab8 $142 30. Rc6 (30. Bxf8+ Rxf8 31. d7 Bf6 $18) 30... Bf6) 30. exf5 {[%emt 0:09:24][%cal Be4f5,Bf5f6][%mdl 32] Threatens to win with d7.} (30. Bxf8+ Rxf8 31. Kd2 Bf6 $18) 30... e4 $2 (30... Bf6 31. Bxf3 (31. Bxf8+ Rxf8 32. d7 Kg5 $18) 31... Kg5 32. Bxf8 Rxf8) 31. d7 Bf6 32. Rc6 Kg5 33. Rxf6 {[%emt 0:00:48] White mates.} Rxd7 34. Rxf8+ Rxe7 35. f6 {[%emt 0:00:27] Weighted Error Value: White=0.22 (precise) /Black=0.44.  Mistake:       	---       	Black=5      Inaccurate:     	White=1     	Black=1      OK:         	White=10    	Black=7      Best:        	White=3     	Black=3      Strong:       	White=1     	---} 1-0

[Event "ECo-C Extraliga 2023-24"]
[Site "Slovakia"]
[Date "2024.02.25"]
[Round "8.5"]
[White "Zetocha, Claudiu Andrei"]
[Black "Pacher, Milan"]
[Result "0-1"]
[ECO "B12"]
[WhiteElo "2277"]
[BlackElo "2365"]
[Annotator "ChessBase"]
[PlyCount "88"]
[EventDate "2023.10.06"]
[EventType "team-tourn"]
[EventCountry "SVK"]
[SourceTitle "playchess.com"]
[Source "ChessBase"]
[SourceQuality "1"]
[TimeControl "40/5400+30:1800+30"]

1. e4 c6 2. d4 d5 3. f3 e6 4. Nc3 Bb4 5. Bd2 dxe4 6. Nxe4 Be7 7. Bd3 Qxd4 8. Ne2 Qd8 9. Bc3 Nf6 10. N2g3 Nbd7 11. Qe2 O-O 12. O-O-O Nd5 13. Bd2 Ne5 14. Nf2 Nxd3+ 15. Nxd3 b5 16. h4 c5 17. Nf4 b4 18. h5 Bd6 19. Nxd5 exd5 20. f4 d4 21. Rde1 Be6 22. Ne4 Bd5 23. Nxd6 Qxd6 24. h6 g6 25. Qe5 Qxe5 26. Rxe5 Rfd8 27. Rhe1 a5 28. a3 f5 29. Re7 Be4 30. Rg7+ Kh8 31. g4 Rg8 32. gxf5 gxf5 33. Reg1 Rxg7 34. hxg7+ Kg8 35. Be1 Ra6 36. Rg5 Rh6 37. axb4 axb4 38. Rg1 Rh2 39. Bd2 c4 40. c3 dxc3 41. bxc3 bxc3 42. Be3 h5 43. Kd1 h4 44. Ke1 c2 0-1

[Event "ECo-C Extraliga 2023-24"]
[Site "Slovakia"]
[Date "2024.02.25"]
[Round "8.5"]
[White "Kukel, Imre"]
[Black "Kusa, Jakub"]
[Result "0-1"]
[ECO "C88"]
[WhiteElo "2271"]
[BlackElo "2350"]
[Annotator "TA"]
[PlyCount "218"]
[EventDate "2023.10.06"]
[EventType "team-tourn"]
[EventCountry "SVK"]
[SourceTitle "playchess.com"]
[Source "ChessBase"]
[SourceQuality "1"]
[TimeControl "40/5400+30:1800+30"]

1. e4 e5 2. Nf3 Nc6 3. Bb5 a6 4. Ba4 Nf6 5. O-O Be7 6. Re1 b5 7. Bb3 d6 8. c3 Na5 9. Bc2 c5 10. d4 cxd4 11. cxd4 Bg4 12. dxe5 Bxf3 13. Qxf3 dxe5 {[%emt 0:00:19] The position is equal.} 14. Nc3 O-O 15. Nd5 Rc8 16. Bd3 Nc6 17. Be3 Nb4 18. Rad1 (18. Nxb4 $11 Bxb4 19. Red1) 18... Nfxd5 $15 19. exd5 Nxd3 20. Rxd3 Bd6 21. Qh5 Qd7 22. Bd2 {[%emt 0:02:30] Black must now prevent Rh3.} g6 23. Qh6 f6 24. Qe3 Bc5 25. Qf3 Bd4 (25... Kg7 {looks sharper.} 26. Rc3 Rfd8 27. Rd1 Bd4) 26. Be3 (26. Bh6 $11 {remains equal.} Rf7 27. Rd2) 26... Bxe3 (26... Bxb2 $17 {And now ...Qd6 would win.} 27. d6 Kg7) 27. Qxe3 $11 Qd6 28. Rc1 Rxc1+ 29. Qxc1 {[%emt 0:00:01][%mdl 4096] Endgame. KQR-KQR} Rf7 30. Qc8+ Kg7 31. g3 Rc7 32. Qe6 Rd7 {[%emt 0:01:45] Hoping for ...Qxe6.} 33. Qg4 f5 34. Qe2 Rc7 35. Qd2 Rc5 36. h4 h6 37. Kh2 Rc4 38. Qe3 f4 39. Qa7+ Rc7 40. Qb8 fxg3+ 41. Rxg3 Rd7 42. Qxd6 (42. Qc8 $5) 42... Rxd6 {[%emt 0:00:00] KR-KR} 43. h5 g5 44. Rc3 Kf6 45. f3 Kf5 46. Kg3 Rxd5 47. Rc6 Rd3 {[%emt 0:00:00] ...e4 is the strong threat.} 48. Rc8 {[%emt 0:00:00] [#]} (48. Kf2 $11) 48... Rd6 (48... g4 $1 $17 49. Rf8+ Kg5 50. Rg8+ Kxh5 51. Rxg4 a5) 49. Rb8 e4 50. Rf8+ Ke5 51. fxe4 Kxe4 52. Rg8 Ke5 53. Re8+ Re6 54. Rg8 Rd6 (54... Kd4 $15) 55. Rh8 Kf5 56. Rf8+ Ke4 57. Rg8 Ke5 58. Re8+ Kf6 59. Ra8 Rd3+ 60. Kg4 Rd4+ 61. Kg3 Rd6 62. Kg4 Ke5 63. Re8+ Kd5 64. Kf5 a5 65. Rb8 (65. Ra8 $1 $11) 65... Kc5 66. Rc8+ Kb4 (66... Kd4 $17 67. Rb8 b4) 67. Rc2 $1 a4 68. Rg2 (68. Ke5 $11 Rd7 69. Kf5) 68... Rc6 ({Black should play} 68... Kc4 $17 {Strongly threatening ...Kd3.} 69. Rc2+ Kd3) 69. Rg4+ Ka5 (69... Rc4 $15 70. Rg3 Rc5+ 71. Kg6 Rc6+ 72. Kf5 Kc4) 70. a3 (70. b4+ $11 {feels stronger.} axb3 71. axb3) 70... Rc2 (70... Rc4 $15 71. Rg2 Rc6) 71. Kg6 Rxb2 72. Kxh6 Rb3 73. Kxg5 {[%emt 0:00:02] Threatens to win with h6.} Rxa3 74. h6 {[%emt 0:00:00] aiming for h7.} Rc3 (74... Rh3 $5 75. Rh4 $8 Rc3 $11) 75. h7 Rc8 76. Kf4 $2 {[%emt 0:00:10][%mdl 8192] White is now going downhill.} (76. Kh6 $11) 76... Rh8 {[%emt 0:01:15] Black mates.} 77. Rg7 a3 78. Ke3 Kb4 79. Ra7 {[%emt 0:01:03] [#]} a2 $1 80. Rxa2 Rxh7 81. Kd3 Kb3 82. Ra1 Rd7+ 83. Ke2 b4 84. Ra8 Kc2 85. Rc8+ Kb2 86. Rb8 b3 87. Rb6 Kc2 88. Rc6+ {[%emt 0:00:02] [#]} Kb1 $1 89. Rb6 b2 90. Rb8 Ra7 91. Kd2 Ka2 92. Kc2 {[%emt 0:02:26] [#]} b1=Q+ $1 93. Rxb1 Rc7+ 94. Kd3 Kxb1 {[%emt 0:00:09] KR-K} 95. Kd4 Kc2 96. Ke4 Kc3 97. Kd5 Rc4 98. Ke5 Rd4 99. Kf5 Kd3 100. Ke5 Ke3 101. Kf5 Re4 102. Kf6 Kf4 103. Kg6 Re6+ 104. Kf7 Kf5 105. Kg7 Re7+ 106. Kf8 Kf6 107. Kg8 Ra7 108. Kh8 Kg6 109. Kg8 Ra8# {[%emt 0:00:04] Weighted Error Value: White=0.14 (very precise) /Black=0.11 (very precise) .  Loses game:     	White=1     	---        Mistake:       	White=6     	Black=7      Inaccurate:     	White=7     	Black=6      OK:         	White=25    	Black=21     Best:        	White=9     	Black=2      Strong:       	White=1     	---} 0-1

[Event "ECo-C Extraliga 2023-24"]
[Site "Slovakia"]
[Date "2024.02.25"]
[Round "8.5"]
[White "Nadzamova, Viktoria"]
[Black "Cech, Pavel"]
[Result "0-1"]
[ECO "C01"]
[WhiteElo "2079"]
[BlackElo "2346"]
[Annotator "TA"]
[PlyCount "102"]
[EventDate "2023.10.06"]
[EventType "team-tourn"]
[EventCountry "SVK"]
[SourceTitle "playchess.com"]
[Source "ChessBase"]
[SourceQuality "1"]
[TimeControl "40/5400+30:1800+30"]

1. e4 e6 2. d4 d5 3. exd5 exd5 4. Nf3 Nf6 5. Bd3 Bd6 6. O-O O-O 7. Bg5 Bg4 8. Nbd2 Nbd7 9. c3 c6 10. Qc2 Qc7 11. Rfe1 Rfe8 12. h3 {[%emt 0:09:13] has lost popularity (12.Bh4).} Bh5 13. b3 {[%emt 0:18:32] C01: French: Exchange Variation.} (13. Nh4 {is more complex.} Bh2+ 14. Kf1 Bd6 15. Ndf3) 13... Bg6 14. Bxg6 hxg6 15. Rad1 Nh5 $146 ({Predecessor:} 15... Rac8 16. Rxe8+ Rxe8 17. Re1 Rxe1+ 18. Nxe1 Qd8 19. Nef3 {½-½ Ackermann,R (2036)-Roller,P (1890) Luxembourg-ch 1999 (7)}) 16. c4 Ndf6 17. cxd5 Nxd5 18. Nc4 Bb4 19. Rxe8+ Rxe8 20. a3 Bf8 21. Bc1 Nhf4 22. Nce5 Bd6 23. g3 Ne6 (23... Nxh3+ 24. Kg2 Bxe5 25. Nxe5 $16) 24. Nc4 Be7 25. Re1 Bf6 26. Bb2 Ne7 27. Ne3 {[%emt 0:01:22] Dodges Nf5} Rd8 28. Rd1 Qa5 29. Kg2 Nf5 30. Bc3 Qxa3 (30... Nxe3+ $15 31. fxe3 Qxa3) 31. Nxf5 $11 gxf5 32. Ra1 (32. b4 $11 Qa6 33. d5 cxd5 (33... Bxc3 34. dxe6 Rxd1 35. Qxd1 $11) 34. Bxf6 gxf6 35. Qxf5) 32... Qe7 33. Qxf5 a6 (33... Nxd4 34. Nxd4 Bxd4 35. Bxd4 Rxd4 36. Rxa7) (33... Bxd4 34. Nxd4 Nxd4 35. Bxd4 Rxd4 36. Rxa7) 34. Re1 Rd5 (34... Bxd4 35. Bxd4 Nxd4 36. Rxe7 $18) 35. Qe4 Qd8 36. Ne5 {[%emt 0:02:52] [#]} ({Better is} 36. h4 $15) 36... Nxd4 $2 (36... Bxe5 $1 $19 37. dxe5 c5) 37. Ng4 Bg5 {[%emt 0:01:27] Hoping for ...f5.} (37... Nxb3 $2 38. Bxf6 (38. Qe8+ Qxe8 39. Rxe8+ Kh7 $18) 38... gxf6 39. Qf4 $18 (39. Qf3 Rb5 $18)) 38. h4 (38. f4 $1 $11 f5 (38... Nb5 39. fxg5 Nxc3 40. Qe8+ Qxe8 41. Rxe8+ Kh7 42. Ne5 $15) 39. Qe3 fxg4 40. fxg5 gxh3+ (40... Nxb3 41. g6 Qd6 42. Qe8+ Qf8 43. Qe6+ Kh8 44. hxg4) 41. Kh1 Rxg5 (41... Nxb3 42. g6 Qd6 43. Qe8+ Qf8 44. Qe6+ Kh8 45. Qxh3+) 42. Qxd4 (42. Bxd4 Qd5+ 43. Qe4 Rxg3 $11) 42... Qxd4 43. Bxd4) 38... f5 $17 39. Qb1 (39. Qe8+ $17 Qxe8 40. Rxe8+ Kh7 (40... Kf7 41. Rb8 $17) 41. hxg5 fxg4 42. b4) 39... fxg4 $19 40. hxg5 $2 (40. Bxd4 Rxd4 41. hxg5 Qxg5 42. Kg1) 40... Nf3 (40... Qxg5 41. Qe4 Nf5 (41... Nxb3 42. Qe6+ Kh7 43. Rh1+) 42. Qe8+ Kh7 43. Qc8 $11) 41. Rh1 Rd3 {[%emt 0:03:34][%cal Od8d5] aiming for ...Qd5!} ({Stronger than} 41... Qxg5 42. Qe4 Kf7 43. Rh8 $11) 42. Rh8+ Kxh8 43. Qh1+ Kg8 44. Bxg7 Rd1 45. Qh8+ Kf7 46. Qh5+ Kxg7 47. Qh6+ Kf7 48. Qh7+ Ke6 49. Qg6+ Ke5 50. Qg7+ Kd6 51. Qg6+ Ke5 $2 (51... Kc5 {mates} 52. Qf5+ Qd5 (52... Kb6 53. Qxg4 Nxg5 54. Qb4+ Ka7 55. Qc5+ Ka8 56. g4 Qh8 57. Qxg5 Qh1+ 58. Kg3 Rd3+ 59. Qe3 Rxe3+ 60. fxe3 a5 61. Kf2 Qd5 62. g5 Qxb3 63. e4 a4 64. e5 a3 65. e6 Qxe6 66. g6 a2 67. g7 a1=Q 68. g8=Q+ Qxg8 69. Kf3 Qc3+ 70. Ke2 Qg2+ 71. Kd1 Qg4#) 53. Qc2+ Kb6 (53... Kb4 $2 {is a self mate.} 54. Qxd1 Nh4+ 55. Kh2 Qg2#) 54. Qc5+ Qxc5 55. g6 Rg1#) 0-1

[Event "ECo-C Extraliga 2023-24"]
[Site "Slovakia"]
[Date "2024.02.25"]
[Round "8.6"]
[White "Lipka, Juraj"]
[Black "Lanc, Alois"]
[Result "1/2-1/2"]
[ECO "A43"]
[WhiteElo "2356"]
[BlackElo "2248"]
[Annotator "RC"]
[PlyCount "97"]
[EventDate "2023.10.06"]
[EventType "team-tourn"]
[EventCountry "SVK"]
[SourceTitle "playchess.com"]
[Source "ChessBase"]
[SourceQuality "1"]
[TimeControl "40/5400+30:1800+30"]

1. d4 Nf6 2. Nc3 c5 3. d5 d6 4. e4 g6 5. Bb5+ Bd7 6. a4 Bg7 7. Nf3 O-O 8. h3 Na6 9. O-O Bxb5 10. axb5 Nc7 11. Qd3 a6 12. bxa6 Nxa6 13. Bf4 Ne8 14. Qd2 Nac7 15. e5 Rxa1 16. Rxa1 dxe5 17. Nxe5 Nf6 18. Rd1 e6 19. d6 Ncd5 20. Bh2 Nxc3 21. Qxc3 Nd7 22. Qe3 Bxe5 23. Bxe5 f6 24. Bc3 Re8 25. f4 Qc8 26. Qe4 Kf7 27. g4 f5 28. Qf3 Qc6 29. Qxc6 bxc6 30. Ra1 e5 31. Ra7 Ke6 32. Bxe5 Rf8 33. Rc7 g5 34. Rxc6 gxf4 35. Bxf4 fxg4 36. Bg3 gxh3 37. Kh2 Rb8 38. b3 Ra8 39. Kxh3 Ra2 40. c4 Rb2 41. Rc8 Rxb3 42. Re8+ Kf5 43. Re7 Nf6 44. d7 Rd3 45. Re5+ Kg6 46. Re6 Kf5 47. Re5+ Kg6 48. Re6 Kf5 49. Re5+ 1/2-1/2

[Event "ECo-C Extraliga 2023-24"]
[Site "Slovakia"]
[Date "2024.02.25"]
[Round "8.6"]
[White "Motuz, Karol"]
[Black "Molnar, Erno"]
[Result "1-0"]
[ECO "A20"]
[WhiteElo "2294"]
[BlackElo "2256"]
[Annotator "ChessBase"]
[PlyCount "81"]
[EventDate "2023.10.06"]
[EventType "team-tourn"]
[EventCountry "SVK"]
[SourceTitle "playchess.com"]
[Source "ChessBase"]
[SourceQuality "1"]
[TimeControl "40/5400+30:1800+30"]

1. c4 e5 2. a3 Nf6 3. d3 c6 4. Nf3 d6 5. g3 Be7 6. Bg2 O-O 7. O-O Nbd7 8. Nc3 Re8 9. e4 Nf8 10. h3 Ng6 11. d4 Be6 12. d5 Bd7 13. Be3 Rf8 14. Rc1 c5 15. b4 b6 16. Ne1 Ne8 17. Nd3 Qc8 18. bxc5 bxc5 19. Kh2 Qa6 20. a4 Bd8 21. Nb5 Ba5 22. h4 f6 23. h5 Nh8 24. Nxd6 Nxd6 25. Nxc5 Qc8 26. Nxd7 Qxd7 27. c5 Ne8 28. Bh3 Qd8 29. d6 Nf7 30. Qd5 Bb4 31. Be6 a5 32. f4 exf4 33. Bxf4 g5 34. hxg6 hxg6 35. e5 Kg7 36. Bxf7 Rxf7 37. Bh6+ Kxh6 38. Qxf7 fxe5 39. Rc4 Rb8 40. Rh4+ Kg5 41. Qf3 1-0